 Dungeon Sprint DCSS version 0.27-a0-1116-g91b3acb402 (webtiles) character file.

Game seed: 14315123272328859079

12490 mhtbhm the Scorcher (level 11, -3/56 HPs)
             Began as a Deep Elf Fire Elementalist on May 1, 2021.
             Was the Champion of Vehumet.
             Slain by a royal mummy (23 damage)
             ... in the Dungeon (Sprint V: "Ziggurat Sprint").
             The game lasted 00:05:17 (1105 turns).

mhtbhm the Scorcher (Deep Elf Fire Elementalist)    Turns: 1105, Time: 00:05:17

Health: -3/56      AC:  9    Str:  5    XL:     11   Next: 63%
Magic:  9/35       EV: 17    Int: 40    God:    Vehumet [******]
Gold:   0          SH:  0    Dex: 15    Spells: 8/47 levels left

rFire    + . .     SeeInvis +   C - +8 lance "Wyrmbane" {slay drac, rPois rF+ rC+ AC+3}
rCold    + . .     Faith    .   (no shield)
rNeg     . . .     Spirit   .   a - +1 steam dragon scales of Valiance {Will+ Regen+}
rPois    +         Reflect  .   (no helmet)
rElec    .         Harm     .   (no cloak)
rCorr    .         Rampage  +   (no gloves)
Will     ++...     NoTele   +   (no boots)
Stlth    +++.......             D - amulet "Notips" {Acrobat Rampage Int+4 SInv}
HPRegen  1.18/turn              u - +6 ring of intelligence
MPRegen  0.24/turn              v - +6 ring of intelligence

@: slowed, very slow
A: no striking features
a: Renounce Religion


You were in the Dungeon.
You worshipped Vehumet.
Vehumet was exalted by your worship.
You visited 1 branch

Inventory:

Hand Weapons
 C - the +8 lance "Wyrmbane" (weapon) {slay drac, rPois rF+ rC+ AC+3}
   (You found it in the Dungeon)

   It affects your AC (+3).
   It protects you from fire.
   It protects you from cold.
   It protects you from poison.
Armour
 a - the +1 steam dragon scales of Valiance (worn) {Will+ Regen+}
   (You found it in the Dungeon)

   It increases your rate of health regeneration.
   It increases your willpower.
Jewellery
 u - a +6 ring of intelligence (left hand)
 v - a +6 ring of intelligence (right hand)
 D - the amulet "Notips" (around neck) {Acrobat Rampage Int+4 SInv}
   (You took it off an orc priest in the Dungeon)

   [amulet of the acrobat]

   It increases your evasion while moving and waiting.
   It affects your intelligence (+4).
   It lets you see invisible.
   It bestows one free step when moving towards enemies.
Wands
 y - a wand of mindburst (6)
 z - a wand of iceblast (2)
 A - a wand of acid (7)
Scrolls
 h - 4 scrolls of blinking
 m - 4 scrolls of amnesia
 n - 7 scrolls of fog
 o - a scroll of holy word
 p - 5 scrolls of identify
 q - a scroll of fear
 t - a scroll of brand weapon
 E - a scroll of acquirement
Potions
 b - 2 potions of brilliance
 c - 10 potions of curing
 d - 10 potions of heal wounds
 e - 6 potions of haste
 f - 7 potions of magic
 g - 3 potions of berserk rage
 i - 2 potions of invisibility
 j - 4 potions of resistance
 k - a potion of experience
 l - 5 potions of might
Miscellaneous
 r - a box of beasts
 s - a tin of tremorstones (2/2)
 w - a condenser vane
 x - a piece from Xom's chessboard (15/15)
 B - a lightning rod (4/4)


   Skills:
 + Level 1.2 Fighting
 + Level 9.7 Dodging
 - Level 4.5 Stealth
 + Level 1.8 Shields
 + Level 18.7 Spellcasting
 + Level 7.7 Conjurations
 + Level 19.2 Fire Magic
 * Level 9.3 Earth Magic
 + Level 10.5 Evocations


You had 8 spell levels left.
You knew the following spells:

 Your Spells              Type           Power      Damage    Failure   Level
a - Foxfire               Conj/Fire      100%       2x1d9     0%          1
b - Conjure Flame         Conj/Fire      98%        6-21      0%          3
c - Inner Flame           Hex/Fire       85%        N/A       1%          3
d - Sticky Flame          Conj/Fire      98%        2d11      1%          4
e - Fireball              Conj/Fire      49%        3d19      1%          5
f - Ignition              Fire           56%        3d15      1%          8
g - Shatter               Erth           42%        3d33*     97%         9
h - Iron Shot             Conj/Erth      40%        9d8       1%          6

Your spell library contained the following spells:

 Spells                   Type           Power      Damage    Failure   Level
 Ignite Poison            Fire/Tmut/Pois 73%        N/A       1%          3
 Sandblast                Erth           100%       2d20      0%          1
 Magic Dart               Conj           100%       1d8       1%          1
 Blink                    Tloc           N/A        N/A       1%          2
 Call Imp                 Summ           37%        N/A       1%          2
 Passwall                 Tmut/Erth      55%        N/A       1%          2
 Slow                     Hex            37%        N/A       1%          2
 Static Discharge         Conj/Air       62%        N/A       1%          2
 Mephitic Cloud           Conj/Pois/Air  55%        N/A       1%          3
 Stone Arrow              Conj/Erth      100%       3d13      1%          3
 Animate Armour           Summ/Erth      100%       N/A       1%          4
 Leda's Liquefaction      Hex/Erth       33%        N/A       1%          4
 Petrify                  Tmut/Erth      66%        N/A       1%          4
 Bolt of Magma            Conj/Fire/Erth 47%        4d19      1%          5
 Irradiate                Conj/Tmut      31%        3d24      1%          5
 Lee's Rapid Deconstruct  Erth           42%        3d21*     1%          5
 Lightning Bolt           Conj/Air       31%        1d48      1%          5
 Spider Form              Tmut/Pois      18%        N/A       2%          3
 Swiftness                Air            37%        N/A       2%          3
 Cause Fear               Hex            18%        N/A       7%          4
 Freezing Cloud           Conj/Ice/Air   27%        6-21      11%         6
 Statue Form              Tmut/Erth      44%        N/A       16%         6
 Hydra Form               Tmut           18%        N/A       21%         5
 Silence                  Hex/Air        18%        N/A       21%         5
 Summon Forest            Summ/Tloc      18%        N/A       21%         5
 Blade Hands              Tmut           18%        N/A       73%         6
 Dragon Form              Tmut           18%        N/A       99%         7
 Dragon's Call            Summ           18%        N/A       100%        9
 Tornado                  Air            18%        N/A       100%        9


Dungeon Overview and Level Annotations

Branches:
Dungeon (1/1)

Altars:
Ashenzari
Cheibriados
Dithmenos
Elyvilon
Fedhas
Gozag
Hepliaklqana
Kikubaaqudgha
Makhleb
Nemelex Xobeh
Okawaru
Qazlal
Ru
Sif Muna
Trog
Uskayaw
Vehumet
Wu Jian
Xom
Yredelemnul
Zin
The Shining One
Beogh
Jiyva
Lugonu


Message History

Press: ? - help, Dir - look around, f - activate The air bursts into flame!
The fireball engulfs the guardian mummy!!
You destroy the guardian mummy!
Vehumet accepts your kill.
You feel your power returning.
The fireball engulfs the mummy priest!!
The mummy priest is almost destroyed.
The fireball engulfs the royal mummy!
The royal mummy is almost destroyed.
The fireball engulfs the royal mummy!!
You destroy the royal mummy!
Vehumet accepts your kill.
You feel your power returning.
The fireball engulfs the mummy priest!!
You destroy the mummy priest!
Vehumet accepts your kill.
You feel your power returning.
The fireball engulfs the royal mummy.
The royal mummy is almost destroyed.
You feel extremely nervous for a moment...
Your body is wracked with pain!
You feel extremely nervous for a moment...
Pain shoots through your body!!
* * * LOW HITPOINT WARNING * * *
You feel extremely nervous for a moment...
You feel homesick.
Your Spellcasting skill gained 2 levels and is now at level 18!
Your Fire Magic skill increases to level 19!
Your Earth Magic skill gained 3 levels and is now at level 9!
Your Evocations skill increases to level 10!
You have reached level 11!
Unknown command.
Okay, then.
You feel much better. The royal mummy hits you!
* * * LOW HITPOINT WARNING * * *
The royal mummy hits you.
* * * LOW HITPOINT WARNING * * *
Unknown command.
Okay, then.
Okay, then.
You feel much better. The royal mummy hits you!!
You die...

▓...).....▓.
▓..:|:[)..▓...[.)|..▓.
▓....)....▓.........▓.
▓.........▓.........▓.
▓.........▓.........▓.
▓.........▓.........▓.
▓.........▓.........▓.
▓....M....▓.▓.....▓.▓.
▓....@....▓....©....▓▓
▓▓▓▓▓▓▓▓▓▓▓▓▓▓▓▓▓▓▓▓▓


You could see a royal mummy.

Vanquished Creatures
  A royal mummy (D)
  2 mummy priests (D)
  A cyclops (D)
  A naga mage (D)
  2 black mambas (D)
  A rust devil (D)
  A smoke demon (D)
  A komodo dragon (D)
  An ice devil (D)
  2 tormentors (D)
  2 guardian mummies (D)
  An ancient zyme (D)
  A fire bat (D)
  A ynoxinul (D)
  A tarantella (D)
  A yak (D)
  A basilisk (D)
  2 nagas (D)
  3 water moccasins (D)
  A hell hound (D)
  2 orc warriors (D)
  A wolf (D)
  9 ogres (D)
  A phantom (D)
  5 scorpions (D)
  A crimson imp (D)
  A quasit (D)
  4 orc priests (D)
  2 small abominations (D)
  3 iron imps (D)
  3 orc wizards (D)
  3 mummies (D)
  2 adders (D)
  A shadow imp (D)
  A white imp (D)
  An adder zombie (D)
  A jackal (D)
  2 ball pythons (D)
  4 ball python zombies (D)
74 creatures vanquished.

Notes
Turn   | Place    | Note
-------+----------+-------------------------------------------
     0 | D        | mhtbhm the Deep Elf Fire Elementalist began the quest for
                  | the Orb.
     0 | D        | Reached XP level 1. HP: 10/10 MP: 6/6
     0 | D        | Found a shimmering blue altar of Sif Muna.
     0 | D        | Found a bloodstained altar of Trog.
     0 | D        | Found a sacrificial altar of Ru.
     0 | D        | Found a stormy altar of Qazlal.
     0 | D        | Found an iron altar of Okawaru.
     1 | D        | Found a sparkling altar of Nemelex Xobeh.
     1 | D        | Found a blossoming altar of Fedhas.
     2 | D        | Found the +6 Majin-Bo {vamp, MP+6 Int+6}
     2 | D        | Found the +9 heavy crossbow "Sniper" {vorpal, Acc+∞ SInv}
     2 | D        | Found the +10 dark maul {vorpal}
     2 | D        | Found the +15 Maxwell's patent armour {-Cast -Tele rElec
                  | Will+ rCorr}
     2 | D        | Found the +18 shield of the Gong {rElec rN+ Will+ EV-5}
     2 | D        | Found the +14 obsidian axe {vorpal, Drain Fly SInv}
     2 | D        | Found the +7 great mace "Firestarter" {inner flame, rF++}
     2 | D        | Found the +6 shillelagh "Devastator" {shatter}
     2 | D        | Found the +11 plutonium sword {Contam Stlth-}
     2 | D        | Found the +8 lance "Wyrmbane" {slay drac, rPois rF+ rC+
                  | AC+3}
     2 | D        | Found the +9 sword of Zonguldrok {reap}
     2 | D        | Found the +13 scythe of Curses {drain, Drain}
     2 | D        | Found the +5 sword of Power {vorpal}
     2 | D        | Found the +7 mace of Variability {chain chaos}
     2 | D        | Found the +7 Singing Sword {vorpal, sonic wave}
     2 | D        | Found the +8 storm bow {elec, penet}
     3 | D        | Found a transporter.
     3 | D        | Found an ancient bone altar of Kikubaaqudgha.
     3 | D        | Found a viscous altar of Jiyva.
     3 | D        | Found a corrupted altar of Lugonu.
     3 | D        | Found a hazy altar of Hepliaklqana.
     3 | D        | Found a burning altar of Makhleb.
     3 | D        | Found an opulent altar of Gozag.
    27 | D        | Banished a spatial maelstrom
    37 | D        | Became a worshipper of Vehumet
    57 | D        | Entered arena 2.
    57 | D        | Noticed a scorpion
    57 | D        | Noticed a scorpion
    57 | D        | Found a transporter.
    59 | D        | Killed a scorpion
    60 | D        | Reached skill level 5 in Spellcasting
    60 | D        | Reached skill level 6 in Fire Magic
    60 | D        | Reached XP level 2. HP: 15/15 MP: 7/10
    60 | D        | Reached XP level 3. HP: 19/19 MP: 7/11
    61 | D        | Killed a scorpion
    62 | D        | Reached skill level 8 in Fire Magic
    62 | D        | Reached skill level 1 in Evocations
    62 | D        | Reached XP level 4. HP: 15/24 MP: 8/14
   174 | D        | Learned a level 3 spell: Conjure Flame
   178 | D        | Learned a level 3 spell: Inner Flame
   183 | D        | Learned a level 4 spell: Sticky Flame
   184 | D        | Entered arena 3.
   184 | D        | Noticed an ogre
   184 | D        | Noticed an ogre
   184 | D        | Noticed an ogre
   184 | D        | Found a transporter.
   186 | D        | Killed an ogre
   186 | D        | Reached * piety under Vehumet
   186 | D        | Offered knowledge of Shock by Vehumet.
   187 | D        | Reached skill level 5 in Dodging
   187 | D        | Reached skill level 9 in Fire Magic
   187 | D        | Reached XP level 5. HP: 28/28 MP: 14/16
   187 | D        | Killed an ogre
   188 | D        | Reached skill level 10 in Fire Magic
   188 | D        | Reached XP level 6. HP: 32/32 MP: 15/19
   189 | D        | Reached skill level 11 in Fire Magic
   212 | D        | Learned a level 5 spell: Fireball
   213 | D        | Entered arena 4.
   213 | D        | Noticed a tarantella
   213 | D        | Found a transporter.
   214 | D        | Reached ** piety under Vehumet
   216 | D        | Reached skill level 12 in Fire Magic
   216 | D        | Killed a tarantella
   217 | D        | Reached XP level 7. HP: 36/36 MP: 18/22
   223 | D        | Got Sif Muna's Incunabulum of the Ashen Traveller
   337 | D        | Entered arena 5.
   337 | D        | Found a transporter.
   338 | D        | Reached *** piety under Vehumet
   340 | D        | Reached skill level 10 in Spellcasting
   340 | D        | Reached skill level 13 in Fire Magic
   376 | D        | Entered arena 6.
   376 | D        | Found a transporter.
   377 | D        | Offered knowledge of Searing Ray by Vehumet.
   377 | D        | Reached **** piety under Vehumet
   380 | D        | Reached skill level 5 in Evocations
   380 | D        | Reached XP level 8. HP: 41/41 MP: 18/24
   412 | D        | Entered arena 7.
   412 | D        | Noticed a black mamba
   412 | D        | Noticed a naga mage
   412 | D        | Noticed a black mamba
   415 | D        | Killed a black mamba
   416 | D        | Reached skill level 14 in Fire Magic
   416 | D        | Reached ***** piety under Vehumet
   417 | D        | HP: 2/41 [black mamba (15)]
   424 | D        | Killed a naga mage
   425 | D        | Reached skill level 5 in Conjurations
   425 | D        | Reached skill level 15 in Fire Magic
   425 | D        | Killed a black mamba
   426 | D        | Reached XP level 9. HP: 16/46 MP: 10/27
   547 | D        | Found a transporter.
   571 | D        | Got the +1 robe of the Forsaken Eyes {Dex+4 Stlth+}
   635 | D        | Learned a level 8 spell: Ignition
   637 | D        | Entered arena 8.
   637 | D        | Noticed a komodo dragon
   638 | D        | Offered knowledge of Poisonous Vapours by Vehumet.
   638 | D        | Reached ****** piety under Vehumet
   638 | D        | Killed a komodo dragon
   639 | D        | Reached skill level 1 in Fighting
   639 | D        | Reached skill level 1 in Shields
   639 | D        | Reached skill level 16 in Fire Magic
   639 | D        | Found a transporter.
   660 | D        | Entered arena 9.
   660 | D        | Noticed a cyclops
   661 | D        | Killed a cyclops
   662 | D        | Reached XP level 10. HP: 52/52 MP: 29/29
   662 | D        | Found a transporter.
   691 | D        | Got the +1 steam dragon scales of Valiance {Will+ Regen+}
   714 | D        | Learned a level 9 spell: Shatter
   716 | D        | Entered arena 10.
   716 | D        | Noticed a smoke demon
   718 | D        | Reached skill level 17 in Fire Magic
   722 | D        | Killed a smoke demon
   880 | D        | Found a transporter.
   900 | D        | Entered arena 11.
   901 | D        | Identified the amulet "Notips" {Acrobat Rampage Int+4 SInv}
   901 | D        | Offered knowledge of Airstrike by Vehumet.
   902 | D        | Found a transporter.
   964 | D        | Entered arena 12.
   965 | D        | Noticed a rust devil
   971 | D        | Reached skill level 15 in Spellcasting
   972 | D        | Reached skill level 5 in Earth Magic
   978 | D        | Killed a rust devil
  1065 | D        | Found a transporter.
  1076 | D        | Got the Guide on Gliding Ignition
  1082 | D        | Got the Almanac of Burning Moulding
  1096 | D        | Learned a level 6 spell: Iron Shot
  1098 | D        | Entered arena 13.
  1098 | D        | Noticed a royal mummy
  1098 | D        | Noticed a royal mummy
  1098 | D        | Noticed a mummy priest
  1099 | D        | Offered knowledge of Ignite Poison by Vehumet.
  1100 | D        | Killed a mummy priest
  1101 | D        | Reached skill level 18 in Fire Magic
  1101 | D        | Noticed a mummy priest
  1103 | D        | Killed a royal mummy
  1103 | D        | Killed a mummy priest
  1104 | D        | Reached skill level 19 in Fire Magic
  1104 | D        | Reached skill level 10 in Evocations
  1104 | D        | Reached XP level 11. HP: 5/56 MP: 8/35
  1105 | D        | Slain by a royal mummy

Illustrated notes

Levels and vault maps discovered:
D:        sprint_v [room_start, room_1, room_2, room_3, room_4, room_5, room_6,
          room_7, room_8, room_9, room_10, room_11, room_12, room_13, room_14,
          room_15, room_16, room_17, room_18, room_19, room_20, room_21,
          room_22, room_23, room_24, room_25, room_26, room_27]

Skill      XL: |  1  2  3  4  5  6  7  8  9 10 |
---------------+-------------------------------+-----
Dodging        | 3 4 5 7 9 |  9.7
Stealth        | 3 4 |  4.5
Spellcasting   | 5 6 7 8 9 10 12 13 18 | 18.7
Fire Magic     | 6 8 9 10 12 13 15 16 19 | 19.2
Evocations     | 1 2 4 5 6 8 10 | 10.5
Conjurations   | 2 3 5 7 |  7.7
Fighting       | 1 |  1.2
Shields        | 1 |  1.8
Earth Magic    | 9 |  9.3

Action                   |  1- 3 |  4- 6 |  7- 9 | 10-12 || total
-------------------------+-------+-------+-------+-------++-------
 Cast: Fireball          |       |     2 |     9 |       ||    11
       Ignition          |       |       |     2 |    10 ||    12
Evoke: Wand              |     2 |     2 |       |     2 ||     6
       Lightning rod     |     2 |     3 |     5 |    10 ||    20
       Tin of tremorston |       |       |     1 |     1 ||     2
       Condenser vane    |       |       |       |     2 ||     2
  Use: Potion            |       |       |     1 |     3 ||     4
       Scroll            |       |       |     1 |       ||     1
Armor: Steam dragon scal |       |       |       |     2 ||     2
Dodge: Dodged            |       |       |       |    10 ||    10
Block: Other             |       |       |     2 |       ||     2

Table legend: (Time is in decaauts)
 A = Elapsed time spent in this place.
 B = Non-inter-level travel time spent in this place.
 C = Inter-level travel time spent in this place.
 D = Time resting spent in this place.
 E = Time spent auto-exploring this place.
 F = Levels seen in this place.
 G = Mean time per level.
                   A        B        C        D        E       F      G
               +--------+--------+--------+--------+--------+-----+--------+
         Total |   1105 |   1105 |      0 |    641 |      0 |   1 | 1105.0 |
       Dungeon |   1105 |   1105 |      0 |    641 |      0 |   1 | 1105.0 |
               +--------+--------+--------+--------+--------+-----+--------+

Top non-repeatable levels by time:
       D: 1105 daAuts
